 Dungeon Crawl Stone Soup version 0.28-a0-1613-gdaab1c2f9b (webtiles) character file.

Game seed: 11249205164081248790

5402 jfcaron the Fighter (level 10, -27/80 HPs)
             Began as a Djinni Cinder Acolyte on Jan 21, 2022.
             Was a Priest of Ignis.
             Killed from afar by Erica (29 damage)
             ... with a lance of force
             ... on level 8 of the Dungeon on Jan 22, 2022.
             The game lasted 00:36:17 (8637 turns).

jfcaron the Fighter (Djinni Cinder Acolyte)         Turns: 8637, Time: 00:36:18

Health: -27/80     AC:  4    Str: 13    XL:     10   Next: 98%
Gold:   393        EV: 12    Int: 21    God:    Ignis [***...] SH:  0 Dex:  8

rFire   + + +      SeeInvis .     - Unarmed
rCold   x . .      Faith    .   (no shield)
rNeg    . . .      Spirit   .   q - +0 leather armour {rPois}
rPois   ∞          Reflect  .   (no helmet)
rElec   .          Harm     .   (no cloak)
rCorr   .          Rampage  .   d - +0 pair of gloves
Will    ++...                   (boots unavailable)
Stlth   +.........              (no amulet)
HPRegen 0.23/turn               g - ring of willpower
MPRegen 0.00/turn               (no ring)

@: flying
A: sickness immunity, fire resistance 2, cold vulnerability 1, float, innate
caster, hp casting, extra vitality 1
a: Renounce Religion, Fiery Armour, Foxfire Swarm, Rising Flame


You were on level 8 of the Dungeon.
You worshipped Ignis.
Ignis was most pleased with you.
You visited 1 branch of the dungeon, and saw 8 of its levels.
You also visited: Sewer.

You collected 393 gold pieces.

Inventory:

Hand Weapons
 A - a +3 flail of freezing
Missiles
 b - 2 javelins
 n - 6 poisoned darts
 p - 3 boomerangs
 t - a curare-tipped dart {!f}
 B - 24 bolts
Armour
 d - a +0 pair of gloves (worn)
 q - a +0 leather armour of poison resistance (worn)
Magical Staves
 j - a staff of death
Jewellery
 g - a ring of willpower (left hand)
Wands
 c - a wand of mindburst (5)
Scrolls
 k - a scroll of teleportation {unknown}
 x - a scroll of holy word {unknown}
 y - a scroll of blinking
 z - a scroll of torment {unknown}
Potions
 a - 2 potions of might
 e - a potion of lignification
 h - 2 potions of attraction
 i - 4 potions of mutation
 l - a potion of flight {unknown}
 m - a potion of haste {unknown}
 s - a potion of resistance {unknown}


   Skills:
 - Level 10.0 Fighting
 - Level 5.0 Armour
 - Level 5.0 Dodging
 - Level 3.0 Unarmed Combat
 + Level 8.3 Spellcasting


You had 13 spell levels left.
You knew the following spells:

 Your Spells              Type           Power      Damage    Failure   Level
a - Scorch                Fire           86%        2d9       1%          2
b - Shock                 Conj/Air       100%       1d9       1%          1
c - Searing Ray           Conj           86%        2d7       1%          2
d - Spider Form           Tmut/Pois      43%        N/A       1%          3
e - Olgreb's Toxic Radia  Pois           43%        N/A       3%          4
Your spell library was empty.

Dungeon Overview and Level Annotations

Branches:
Dungeon (8/15)             Temple (0/1) D:6            Lair (0/6) D:8
  Sewer (visited)

Altars:
Sif Muna
Zin

Shops:
D:4 (

Annotations:
D:8 Erica


Innate Abilities, Weirdness & Mutations

You are immune to sickness and miasma.
You are immune to poison.
Your flesh is very heat resistant. (rF++)
You are vulnerable to cold. (rC-)
You float through the air rather than walking.
You learn spells naturally, not from books.
Your magical power is your life essence.
You have superior vitality. (+4 MHP)


Message History

(Press . to maintain the ray.)
* * * LOW HITPOINT WARNING * * *
The searing ray hits something!
* * * LOW HITPOINT WARNING * * *
The searing ray hits something!
* * * LOW HITPOINT WARNING * * *
You hear some strange, mumbled words.
A bolt of poison appears from out of thin air!
The bolt of poison hits you but does no damage.
You resist.
The searing ray hits something!
* * * LOW HITPOINT WARNING * * *
You finish channelling your searing ray.
Casting: Searing Ray (safe; 1% risk of failure)
Confirm with . or Enter, or press ? or * to list all spells.
Aiming: Searing Ray (safe; 1% risk of failure)
Press: ? - help, Shift-Dir - straight line The searing ray hits something! (Press . to maintain the ray.)
* * * LOW HITPOINT WARNING * * *
Something hits you!
* * * LOW HITPOINT WARNING * * *
The searing ray hits something!
* * * LOW HITPOINT WARNING * * *
Something barely misses you.
You feel better. Something hits you!
* * * LOW HITPOINT WARNING * * *
Unknown command.
You hear some strange, mumbled words.
A bolt of poison appears from out of thin air!
The bolt of poison hits you but does no damage.
You resist.
You hear some strange, mumbled words.
A bolt of poison appears from out of thin air!
The bolt of poison misses you.
There is a stone staircase leading up here.
You hear some strange, mumbled words.
A lance of force appears from out of thin air!
The lance of force hits you!!
You die...

..
##.P.P.....PP...PP.
#........PP.P.P..P
##....PPPP.PP....P
##P.P...PPPPPP.P..
.......P..PP.PP.P...
.###.#........P....##
#...#####..P.......#
#.#.......#..#####.##
...
..#..{..@......... .#
#.##.###)####.#
#.##...#.# #.#
#.####.#)# #.####.#
#.# #.#.####......#
#.# #.#.....#######
#(# #.#####.# #.#
#.#####.# #(#
#.......#


There were no monsters in sight!

Vanquished Creatures
  2 two-headed ogres
  2 hornets
  Grinder (D:3)
  Sigmund (D:2)
  Eustachio (D:5)
  Grum (D:8)
  3 water moccasins (D:8)
  2 orc warriors (D:6)
  4 black bears
  2 ogres
  2 wolves (D:8)
  A necrophage (D:6)
  3 bullfrogs (D:8)
  A kobold brigand (Sewer)
  5 scorpions
  3 wights (D:7)
  2 howler monkeys (D:7)
  A centaur zombie (D:6)
  2 jellies (D:6)
  2 hounds
  2 orc priests
  2 gnoll shamans
  2 bullfrog skeletons (D:5)
  2 centaur skeletons
  7 iguanas
  8 orc wizards
  13 adders
  12 gnolls
  5 river rats
  2 white imps
  2 ufetubi
  An adder skeleton (D:4)
  2 worms
  A dart slug (D:4)
  15 orcs
  10 ball pythons
  8 bats
  8 endoplasms
  6 giant cockroaches
  9 goblins
  6 hobgoblins
  5 jackals
  15 kobolds
  2 quokkas
  4 frilled lizards
  17 rats
  60 foxfires
  22 fungi (D:8)
  50 plants
339 creatures vanquished.

Notes
Turn   | Place    | Note
-------+----------+-------------------------------------------
     0 | D:1      | jfcaron the Djinni Cinder Acolyte began the quest for the
                  | Orb.
     0 | D:1      | Reached XP level 1. HP: 20/20 MP: 0/0
    29 | D:1      | Found a faded altar of an unknown god.
   245 | D:1      | Reached XP level 2. HP: 25/25 MP: 0/0
   415 | D:1      | Reached XP level 3. HP: 22/30 MP: 0/0
   415 | D:1      | Learned a level 1 spell: Shock
   865 | D:1      | Found a glowing silver altar of Zin.
  1317 | D:2      | You are sucked into a shaft and drop 2 floors!
  1554 | D:4      | Reached XP level 4. HP: 29/35 MP: 0/0
  1896 | D:3      | Noticed Grinder
  1909 | D:3      | Killed Grinder
  1910 | D:3      | Reached skill level 5 in Spellcasting
  1910 | D:3      | Reached XP level 5. HP: 16/40 MP: 0/0
  1910 | D:3      | Learned a level 2 spell: Searing Ray
  1910 | D:3      | Reached XP level 6. HP: 18/46 MP: 0/0
  2216 | D:2      | Noticed Sigmund
  2256 | D:2      | Killed Sigmund
  2257 | D:2      | Reached skill level 1 in Dodging
  2257 | D:2      | Reached XP level 7. HP: 27/50 MP: 0/0
  2257 | D:2      | Learned a level 3 spell: Spider Form
  3506 | D:3      | Reached skill level 4 in Fighting
  3617 | D:4      | Found Wuli's Antique Weapon Boutique.
  3716 | D:4      | Reached XP level 8. HP: 43/58 MP: 0/0
  4416 | D:5      | Entered Level 5 of the Dungeon
  4620 | D:5      | Found a glowing drain.
  4672 | Sewer    | Entered a sewer
  4812 | Sewer    | Reached skill level 5 in Fighting
  5734 | D:5      | Reached skill level 5 in Armour
  5954 | D:5      | Reached skill level 5 in Dodging
  5999 | D:5      | Noticed Eustachio
  6008 | D:5      | Killed Eustachio
  6009 | D:5      | Reached skill level 6 in Fighting
  6009 | D:5      | Reached XP level 9. HP: 37/67 MP: 0/0
  6009 | D:5      | Learned a level 4 spell: Olgreb's Toxic Radiance
  6522 | D:6      | Reached skill level 7 in Fighting
  7438 | D:6      | Found a staircase to the Ecumenical Temple.
  7443 | D:6      | Noticed a hornet
  7447 | D:6      | Killed a hornet
  7448 | D:6      | Reached skill level 8 in Fighting
  7856 | D:7      | Reached XP level 10. HP: 68/76 MP: 0/0
  8009 | D:7      | Noticed a two-headed ogre
  8025 | D:7      | Killed a two-headed ogre
  8026 | D:7      | Reached skill level 9 in Fighting
  8413 | D:8      | Found a staircase to the Lair.
  8425 | D:8      | Noticed Grum
  8438 | D:8      | HP: 11/79 [Grum (18)]
  8439 | D:8      | Killed Grum
  8486 | D:8      | Noticed a two-headed ogre
  8556 | D:8      | HP: 15/80 [water moccasin (5)]
  8558 | D:8      | Reached skill level 10 in Fighting
  8568 | D:8      | Killed a two-headed ogre
  8618 | D:8      | Noticed Erica
  8629 | D:8      | HP: 4/80 [something (8)]
  8631 | D:8      | HP: 1/80 [something (9)]
  8637 | D:8      | Killed from afar by Erica

Illustrated notes

Levels and vault maps discovered:
D:1:      dpeg_arrival_water_altar, layout_basic,
          hellmonk_ecumenical_altar_pennies_from_heaven, chequers_jeans
D:2:      layout_basic, uniq_sigmund
D:3:      layout_rooms, led_sif_book, uniq_grinder
D:4:      layout_basic, serial_shops, nicolae_stop_n_shop_2
D:5:      layout_loops_ring, lightli_sewer_entry_pipes, uniq_eustachio
D:6:      layout_rooms, minmay_temple_entry_overgrown
D:7:      layout_rooms
D:8:      layout_basic, due_lair_maze_entry_diamond, enter_bailey_2, uniq_erica,
          uniq_grum, uniq_pikel

Skill      XL: |  1  2  3  4  5  6  7  8  9 10 |
---------------+-------------------------------+-----
Spellcasting   | 3 5 6 8 |  8.3
Armour         | 2 3 5 |  5.0
Dodging        | 1 3 5 |  5.0
Fighting       | 4 6 8 10 | 10.0
Unarmed Combat | |  3.0

Action                   |  1- 3 |  4- 6 |  7- 9 | 10-12 || total
-------------------------+-------+-------+-------+-------++-------
Melee: Unarmed           |    23 |       |    42 |     1 ||    66
       Punch             |     1 |       |     1 |       ||     2
Throw: Javelin           |     3 |       |       |       ||     3
       Dart              |       |       |     1 |     6 ||     7
 Cast: Scorch            |    11 |    11 |    65 |    26 ||   113
       Shock             |    36 |    15 |   191 |    25 ||   267
       Searing Ray       |       |     1 |    16 |     3 ||    20
       Olgreb's Toxic Ra |       |       |     9 |    12 ||    21
Invok: Fiery Armour      |     1 |       |       |     1 ||     2
       Foxfire Swarm     |       |       |       |     3 ||     3
Evoke: Wand              |       |       |       |     2 ||     2
  Use: Scroll            |       |       |    11 |       ||    11
       Potion            |       |       |     1 |     2 ||     3
Armor: Robe              |     8 |     1 |       |       ||     9
       Leather armour    |       |       |     6 |     9 ||    15
Dodge: Dodged            |    12 |    12 |    35 |     7 ||    66

Table legend: (Time is in decaauts)
 A = Elapsed time spent in this place.
 B = Non-inter-level travel time spent in this place.
 C = Inter-level travel time spent in this place.
 D = Time resting spent in this place.
 E = Time spent auto-exploring this place.
 F = Levels seen in this place.
 G = Mean time per level.
                   A        B        C        D        E       F      G
               +--------+--------+--------+--------+--------+-----+--------+
         Total |   8640 |   8430 |    210 |   2905 |   3785 |   9 |  960.0 |
       Dungeon |   7858 |   7648 |    210 |   2756 |   3388 |   8 |  982.2 |
         Sewer |    782 |    782 |      0 |    149 |    397 |   1 |  782.0 |
               +--------+--------+--------+--------+--------+-----+--------+

Top non-repeatable levels by time:
     D:4: 1311 daAuts
     D:6: 1290 daAuts
     D:5: 1197 daAuts
     D:1: 1141 daAuts
     D:2: 998 daAuts
     D:3: 983 daAuts
   Sewer: 782 daAuts
     D:7: 771 daAuts
     D:8: 164 daAuts
